[Event "Polish Ekstraliga 2024"]
[Site "Walbrzych"]
[Date "2024.10.07"]
[Round "1.13"]
[White "Licznerski, Lukasz"]
[Black "Bluebaum, Matthias"]
[Result "0-1"]
[ECO "B15"]
[WhiteElo "2430"]
[BlackElo "2646"]
[Annotator "TA"]
[PlyCount "87"]
[EventDate "2024.10.05"]
[EventType "team-tourn"]
[EventCountry "POL"]
[SourceTitle "playchess.com"]
[Source "ChessBase"]
[SourceQuality "1"]
[WhiteTeam "Wisznia Mala"]
[BlackTeam "Raciborz"]
[TimeControl "40/5400+30:1800+30"]

1. e4 c6 2. d4 d5 3. Nc3 dxe4 4. Nxe4 Nf6 5. Nxf6+ exf6 6. c3 Bd6 7. Bd3 O-O 8. Qc2 c5 9. Ne2 g6 10. Be3 ({Better is} 10. h4 $14) 10... Qc7 $11 {[%emt 0:00:17] The position is equal.} 11. dxc5 Bxc5 12. Bxc5 Qxc5 13. O-O Nc6 14. Rfe1 Bd7 15. Rad1 Rad8 16. Be4 Rfe8 17. Bxc6 (17. h3 $11 {keeps the balance.}) 17... Bxc6 $17 18. Rxd8 Rxd8 19. Qc1 {[%emt 0:04:17] White is weak on the light squares} Qd5 {[%emt 0:03:48][%csl Gc6,LRa2,LRg2][%cal Rd5g2] [#] Black is much more active.} 20. f3 Qxa2 21. Nd4 Bd7 22. h4 Re8 23. Rxe8+ Bxe8 $15 {[%emt 0:02:45][%mdl 4096] Endgame. KQB-KQN} 24. Qe3 Ba4 (24... Kf8 $15 {might be stronger.} 25. Qh6+ Kg8) 25. Qf4 (25. Qe7 $1 $11) 25... Qxb2 $17 26. Qb8+ Kg7 27. Qxa7 Qc1+ 28. Kf2 Qd2+ 29. Kf1 Qc1+ 30. Kf2 Qb2+ 31. Kg1 $1 Bd7 32. Qc5 Qc1+ 33. Kf2 Qf4 34. Qb4 (34. Qd5 $17 {was necessary.} Qxh4+ 35. Ke2) 34... Qxh4+ $19 35. Kf1 Qh1+ 36. Kf2 {[%emt 0:00:01] [#]} Qh2 $1 {[%emt 0:00:34] Threatens to win with ...Bh3.} 37. Qxb7 $2 (37. Kf1 {might work better.}) 37... Bh3 38. f4 Qxf4+ 39. Nf3 $2 (39. Qf3 Qd2+ 40. Kg3) 39... Be6 {[%emt 0:00:59] Black is clearly winning.} 40. Qb4 Bc4 {[%emt 0:00:00] aiming for ...g5.} 41. Qc5 h5 42. Qe3 (42. Qd4 $142 Qxd4+ 43. Nxd4) 42... Qxe3+ 43. Kxe3 Bd5 {[%emt 0:00:09] ...Bxf3 is the strong threat.} 44. Kd4 {Weighted Error Value: White=0.46/Black=0.20 (precise) .  Mistake:       	White=7     	Black=1      Inaccurate:     	---       	Black=2      OK:         	White=12    	Black=11     Best:        	White=8     	Black=8      Strong:       	White=1     	Black=1} 0-1

[Event "Polish Ekstraliga 2024"]
[Site "Walbrzych"]
[Date "2024.10.07"]
[Round "1.14"]
[White "Donchenko, Alexander"]
[Black "Sabuk, Piotr"]
[Result "1-0"]
[ECO "A08"]
[WhiteElo "2626"]
[BlackElo "2402"]
[Annotator "TA"]
[PlyCount "85"]
[EventDate "2024.10.05"]
[EventType "team-tourn"]
[EventCountry "POL"]
[SourceTitle "playchess.com"]
[Source "ChessBase"]
[SourceQuality "1"]
[WhiteTeam "Raciborz"]
[BlackTeam "Wisznia Mala"]
[TimeControl "40/5400+30:1800+30"]

1. Nf3 d5 2. g3 Nf6 3. Bg2 c5 4. O-O e6 5. d3 Nc6 6. e4 Be7 7. Qe2 {[%emt 0:01:17] 7.Bf4 is setting a new trend.} h6 {[%emt 0:01:43] C00: French: Unusual White 2nd moves.} 8. e5 Nd7 9. c4 d4 10. Nbd2 Qc7 11. Ne4 $146 ({Predecessor:} 11. Re1 b6 12. Nf1 Bb7 13. h4 O-O-O 14. a3 Rdg8 15. Bd2 g5 16. hxg5 hxg5 17. g4 {1-0 Moya Albaladejo,J (1876)-Perez Beltran,S (1802) Almeria Sola Memorial-B 2nd 2015 (6)}) 11... g5 (11... a5 $11 {is superior.}) 12. Re1 ({Better is} 12. h4 $14) 12... Ndxe5 $15 13. Nexg5 Ng6 (13... hxg5 $15 14. Nxe5 Nxe5 15. Qxe5 Qxe5 16. Rxe5 f6) 14. Ne4 $11 Bd7 15. h4 f5 16. Ned2 h5 17. a3 a5 18. Nf1 f4 19. Qe4 Rg8 20. Bxf4 Nxf4 21. Qxf4 Qxf4 22. gxf4 O-O-O 23. Ng3 Rg4 (23... Rdf8 $11) 24. Re4 $14 (24. Nxh5 Bxh4 25. f5 exf5 26. Nxh4 Rxh4 $15) 24... Bxh4 25. Nxh5 (25. Nxh4 $142 Rxh4 26. f5 Rxe4 27. Nxe4) 25... Rh8 26. Nxh4 Rxh5 27. Nf3 Rf5 28. Rae1 Rfxf4 29. Rxf4 Rxf4 30. Ng5 Nd8 31. Bh3 Rf6 32. Kg2 Rg6 33. f4 Nf7 34. Rxe6 (34. Bxe6 Nxg5 35. Bxd7+ Kxd7 $15) 34... Rg8 (34... Bxe6 $6 35. Bxe6+ Rxe6 36. Nxe6 $16) (34... Rg7 35. Re8+ Kc7 36. Re7 Nxg5 37. Rxd7+ (37. Rxg7 Nxh3 38. Kf3 Kd6 $11) 37... Rxd7 38. Bxd7 (38. fxg5 $2 Rg7 $19) 38... Kxd7 39. fxg5) 35. Kh2 $2 (35. Kf2 $11 Nxg5 36. fxg5) 35... Nxg5 $2 ({Black should play} 35... Rh8 $19 {...Nxg5 would now be deadly.} 36. Kg2 Nxg5 (36... Rxh3 $2 37. Nxh3 Bxe6 38. Nf2 $19) 37. fxg5 Rxh3 38. Kxh3 Bxe6+ 39. Kg3 Bf5) 36. fxg5 $11 Rg7 $2 {[%emt 0:00:42][%mdl 8192] [#]} ({Don't blunder} 36... Rxg5 $2 37. Re8+ Kc7 38. Re7 $18) (36... Kb8 $11 {and Black is okay.} 37. Rh6 (37. Re5 $2 Rh8 $19) 37... Bxh3 38. Rxh3 Rxg5) 37. Re8+ $1 $18 Kc7 38. Bxd7 Kxd7 39. Re5 b6 $2 (39... Kd6 40. Rd5+ Ke6 41. Rxc5 b6) 40. Kg3 $18 Kd6 41. Kf4 Rf7+ (41... a4 $142 42. Re2 Rg8) 42. Rf5 $18 Re7 43. g6 1-0

[Event "Polish Ekstraliga 2024"]
[Site "Walbrzych"]
[Date "2024.10.07"]
[Round "1.15"]
[White "Kuzmicz, Krystian"]
[Black "Huschenbeth, Niclas"]
[Result "1/2-1/2"]
[ECO "B20"]
[WhiteElo "2471"]
[BlackElo "2600"]
[Annotator "TA"]
[PlyCount "87"]
[EventDate "2024.10.05"]
[EventType "team-tourn"]
[EventCountry "POL"]
[SourceTitle "playchess.com"]
[Source "ChessBase"]
[SourceQuality "1"]
[WhiteTeam "Wisznia Mala"]
[BlackTeam "Raciborz"]
[TimeControl "40/5400+30:1800+30"]

1. e4 c5 2. c4 Nc6 3. Ne2 Nf6 4. Nbc3 e6 5. d4 cxd4 6. Nxd4 Bb4 7. Nxc6 bxc6 8. Bd3 e5 9. O-O O-O 10. Qc2 Bc5 11. Na4 Bd4 12. Be3 Bxe3 13. fxe3 c5 14. Rad1 d6 15. Nc3 Bb7 16. Qe2 Qe7 17. Rd2 Bc6 18. Qf3 Rab8 19. Rdf2 Ne8 20. Qh5 g6 21. Qh6 f6 22. Rd2 Qg7 23. Qh4 Rb7 24. Be2 f5 25. exf5 gxf5 26. Bf3 e4 (26... Bxf3 $16 27. Rxf3 Kh8) 27. Bd1 (27. Bh5 $18) 27... Rbf7 28. Bh5 Rf6 29. Qf4 {[%emt 0:01:59] White is much more active.} Qh6 30. Qxh6 Rxh6 31. Bxe8 Bxe8 32. Rdf2 Bd7 33. Ne2 Rhf6 34. Ng3 Bc8 35. b3 a5 36. h3 Bd7 {[%emt 0:00:56] [#]} 37. Nxe4 $1 Re6 38. Ng3 (38. Rxf5 Rxf5 39. Rxf5 Rxe4 40. Rg5+ Kf7 $19) (38. Ng5 $16 Ref6 39. Rf4) 38... Rxe3 $11 39. Nxf5 Rxf5 {[%emt 0:00:36] The position is equal.} 40. Rxf5 Bxf5 41. Rxf5 {[%emt 0:00:07] KR-KR} a4 $1 42. Rf3 Re1+ 43. Rf1 Re3 44. Rf3 {[%emt 0:08:05] Weighted Error Value: White=0.10 (very precise) /Black=0.11 (very precise) .  Mistake:       	White=2     	Black=1      Inaccurate:     	White=1     	Black=2      OK:         	White=12    	Black=12     Best:        	---       	Black=2      Strong:       	---       	Black=1} 1/2-1/2

[Event "Polish Ekstraliga 2024"]
[Site "Walbrzych"]
[Date "2024.10.07"]
[Round "1.16"]
[White "Krzyzanowski, Marcin"]
[Black "Luch, Michal"]
[Result "1-0"]
[ECO "B48"]
[WhiteElo "2509"]
[BlackElo "2332"]
[Annotator "TA"]
[PlyCount "101"]
[EventDate "2024.10.05"]
[EventType "team-tourn"]
[EventCountry "POL"]
[SourceTitle "playchess.com"]
[Source "ChessBase"]
[SourceQuality "1"]
[WhiteTeam "Raciborz"]
[BlackTeam "Wisznia Mala"]
[TimeControl "40/5400+30:1800+30"]

1. e4 c5 2. Nf3 e6 3. d4 cxd4 4. Nxd4 Nc6 5. Nc3 Qc7 6. Be3 a6 7. g4 {[%emt 0:00:04] B48: Sicilian: Taimanov: 5 Nc3 Qc7 6 Be3 a6 without Be2.} b5 8. Nxc6 Qxc6 9. Qd2 b4 10. Ne2 Qxe4 11. Rg1 Qc6 12. Bg2 d5 13. O-O-O Bb7 14. f4 Nf6 15. f5 exf5 (15... Nxg4 16. Nd4 Qb6 17. fxe6 fxe6 18. Bf4) 16. Nd4 Qc4 17. b3 (17. gxf5 Qxa2 18. Nb3 Rc8 $17) 17... Qc3 18. Qxc3 bxc3 19. gxf5 $146 ({White should try} 19. Nxf5 $14 Nxg4 20. Bd4 (20. Bxd5 Bxd5 21. Rxd5 Ba3+ 22. Kb1 Nxe3 $17)) ({Predecessor:} 19. Nxf5 O-O-O 20. Rd3 Nxg4 21. Bf4 Kd7 22. Rxc3 Rc8 23. Rd3 g6 24. Bxd5 Nf2 25. Rd2 Bxd5 {1-0 Pasti,A (2354)-Dotzer,L (2377) Skalica op-A 2023 (4)}) 19... Bb4 20. Ne2 Rc8 21. Bf3 Ba3+ 22. Kb1 Bc5 23. Bxc5 $1 Rxc5 24. Rxg7 Bc8 25. Nd4 Kf8 26. Rgg1 Rg8 27. a3 (27. Rxg8+ $14 Kxg8 28. a4) 27... Rxg1 $1 $11 28. Rxg1 Rc7 29. Ka2 Re7 (29... Ke7 $11 {remains equal.}) 30. b4 $16 Re5 31. a4 h6 32. Kb3 Re3 33. b5 axb5 34. axb5 Ke7 35. Kb4 Bb7 (35... Kd6 $142) 36. Ra1 $16 Kd6 37. b6 (37. Ra7 $16 Kc7 38. Ra3) 37... Re8 38. Ra3 (38. Rd1 {simplifies} Rb8 39. Nb5+ Kc6 40. Nxc3 Kxb6 41. Nxd5+ Nxd5+ 42. Bxd5 Bxd5 43. Rxd5 Kc6+ 44. Kc4) 38... Nd7 39. Rxc3 Rb8 $1 (39... Nxb6 $2 {is the wrong capture.} 40. Nb5+ Ke7 41. Rc7+ Nd7 42. Rxb7 $18) 40. Rc7 Ba6 (40... Bc8 $16 41. Nb5+ Ke5) 41. Ka5 $18 Bc4 $2 (41... Bf1 42. Rc6+ Ke5) 42. Rc6+ $18 Ke5 43. Rxc4 dxc4 44. Nc6+ Kxf5 45. Nxb8 Nxb8 46. Bd5 f6 47. Bxc4 (47. b7 $142 Ke5 48. Bxc4) 47... Ke5 $18 48. Kb5 Kd6 49. Bd3 Nc6 50. Be4 Nd4+ 51. Ka6 1-0

[Event "Polish Ekstraliga 2024"]
[Site "Walbrzych"]
[Date "2024.10.07"]
[Round "1.17"]
[White "Skawinski, Arkadiusz"]
[Black "Jakubowski, Krzysztof"]
[Result "0-1"]
[ECO "B12"]
[WhiteElo "2333"]
[BlackElo "2443"]
[Annotator "TA"]
[PlyCount "80"]
[EventDate "2024.10.05"]
[EventType "team-tourn"]
[EventCountry "POL"]
[SourceTitle "playchess.com"]
[Source "ChessBase"]
[SourceQuality "1"]
[WhiteTeam "Wisznia Mala"]
[BlackTeam "Raciborz"]
[TimeControl "40/5400+30:1800+30"]

1. e4 c6 2. d4 d5 3. f3 e5 4. dxe5 Bc5 5. Nc3 Ne7 6. Bd3 {[%emt 0:35:52] B12: Caro-Kann: Advance Variation.} O-O 7. f4 Na6 8. Nf3 Nb4 9. Be2 $146 (9. a3 $16 Nxd3+ 10. cxd3 (10. Qxd3 Qb6 $14)) ({Predecessor:} 9. Qe2 Nxd3+ 10. cxd3 Qb6 11. h3 dxe4 12. Nxe4 Bb4+ 13. Bd2 Nd5 14. Nc3 Rd8 15. O-O-O {½-½ Walterova,E (2035)-Harvan,T (1840) Skalica op-A 2022 (2)}) 9... dxe4 $11 10. Nxe4 Bf5 $1 11. Bd3 Qb6 12. Qe2 Rad8 13. a3 Nxd3+ 14. cxd3 h6 15. Nxc5 Qxc5 16. d4 Qd5 17. O-O c5 18. Be3 Qb3 19. Rfe1 c4 20. Rac1 b5 (20... Bd3 $11 21. Qf2 Qb5) 21. Rc3 Qa2 {[%emt 0:00:32] [#]} 22. a4 ({Better is} 22. Qf2 $1 $14) 22... Qxa4 $11 23. Ra3 Qb4 24. Rxa7 Nd5 25. Bc1 Ra8 26. Rxa8 Rxa8 27. Nh4 (27. h3 $11) 27... Bd3 $17 28. Qf2 Ra1 29. h3 {[%emt 0:01:29] [#]} Nxf4 (29... c3 $1 $17 {[%cal Rc3b2] ...cxb2 is the strong threat.} 30. bxc3 Qxc3) 30. Bd2 Qxb2 (30... Nxh3+ $1 $11 {might be stronger.} 31. gxh3 Qxb2) 31. Qxf4 $14 (31. Bxf4 Qxf2+ 32. Kxf2 Ra2+ 33. Ke3 g5 $11) 31... c3 $2 {[%emt 0:00:44] [#]} ({Black should try} 31... g5 $14 32. Qe3 (32. Qg4 c3 $11) 32... Rxe1+ (32... gxh4 33. e6 $16) 33. Bxe1 gxh4) 32. Rxa1 $2 (32. Bc1 $1 $18 {Hoping for d5.} Qc2 33. e6 fxe6 34. d5) 32... Qxa1+ $17 33. Kh2 $2 (33. Bc1 $17 {was the only defense.} b4 34. Kh2) 33... g5 $2 (33... cxd2 $19 34. Qxd2 Qxd4) 34. Qf6 $2 (34. Bxc3 $17 {nothing else works.} Qxc3 35. Qg4) 34... cxd2 $19 35. e6 {[%emt 0:00:24] [#]} Qa7 $1 (35... d1=R 36. Qxf7+ Kh8 37. Qe8+ Kh7 38. Qd7+ Kh8 39. Qe8+ Kh7 40. Qd7+ Kh8 41. Qe8+ $11) 36. e7 Qb8+ (36... d1=R 37. e8=Q+ Kh7 38. Qfh8#) 37. Qe5 Qe8 ({Inferior is} 37... d1=Q 38. Qxb8+ Kg7 39. Qf8+ (39. e8=B gxh4 40. Bxb5 Bxb5 $11) (39. e8=Q Qh1+ 40. Kxh1 gxh4 41. Qg8+ Kf6 42. Qe5#) 39... Kf6 40. e8=N+ Ke6 41. Qd6#) (37... Qxe5+ 38. dxe5 d1=Q (38... d1=B $2 39. e8=Q+ Kg7 40. e6 $18) 39. e8=Q+ Kg7 40. e6 fxe6 (40... gxh4 41. exf7 Qf1 42. Qg8+ Kf6 43. f8=Q+ Ke5 44. Qc5+ Kf6 45. Qd6+ Kf5 46. Qgg6#) (40... Qf1 41. Nf3 $11) 41. Qe7+ Kh8 (41... Kg8 42. Qxe6+ Kg7 43. Qd7+ Kf6 44. Qd6+ Kf7 45. Ng6 $14) 42. Qd8+ Kg7 43. Qe7+ (43. Nf3 Qe2 $11) 43... Kh8 (43... Kg8 44. Qxe6+ Kg7 45. Qe7+ Kg8 46. Qe8+ Kg7 47. Qd7+ Kf6 48. Qd6+ Kf7 49. Nf3 $14) 44. Qf8+ Kh7 45. Qe7+ Kh8 $11 (45... Kg8 46. Qxe6+ Kg7 47. Qe7+ Kg8 48. Qd8+ Kf7 49. Nf3 $16)) 38. Qd6 f6 (38... d1=B $2 {loses.} 39. Qd8 $18) 39. Qd5+ Kg7 40. Qb3 Be4 ({Weaker is} 40... gxh4 41. Qxd3 Qxe7 42. Qxd2 $17) 0-1

[Event "Polish Ekstraliga 2024"]
[Site "Walbrzych"]
[Date "2024.10.07"]
[Round "1.18"]
[White "Narva, Mai"]
[Black "Bartel, Marta"]
[Result "1-0"]
[ECO "B32"]
[WhiteElo "2415"]
[BlackElo "2214"]
[Annotator "RC"]
[PlyCount "141"]
[EventDate "2024.10.05"]
[EventType "team-tourn"]
[EventCountry "POL"]
[SourceTitle "playchess.com"]
[Source "ChessBase"]
[SourceQuality "1"]
[WhiteTeam "Raciborz"]
[BlackTeam "Wisznia Mala"]
[TimeControl "40/5400+30:1800+30"]

1. e4 c5 2. Nf3 a6 3. c4 Nc6 4. d4 cxd4 5. Nxd4 e5 6. Nf5 d5 7. cxd5 Bxf5 8. exf5 Nd4 9. Nc3 Nf6 10. Bg5 Be7 11. Bxf6 Bxf6 12. Bd3 g6 13. fxg6 hxg6 14. O-O Kf8 15. a4 Bg7 16. a5 f5 17. Ra4 Qd6 18. h3 Rd8 19. Re1 Rh4 20. Bf1 Qc5 21. Qd3 Rh6 22. Qg3 Qd6 23. Rc4 Bf6 24. Qe3 Kg7 25. Na4 Rh7 26. Nb6 Kh8 27. Rec1 Rh5 28. Qa3 Qxa3 29. bxa3 Nb3 30. Rd1 Rh4 31. Rc7 Nxa5 32. d6 Rd4 33. Rxd4 exd4 34. d7 Kg7 35. Bd3 Kf8 36. f4 Be7 37. Rc8 Kg7 38. g4 fxg4 39. hxg4 Nb3 40. Kf1 Nc5 41. Ke2 Ne6 42. f5 Nf4+ 43. Kd2 Bg5 44. Kc2 Ng2 45. Be4 Ne3+ 46. Kd3 Nxg4 47. fxg6 Bf6 48. Bxb7 Ne5+ 49. Kd2 Kxg6 50. Bxa6 Bg5+ 51. Kd1 d3 52. a4 d2 53. Be2 Kf7 54. a5 Nxd7 55. Rc7 Ke6 56. Rxd7 Rxd7 57. Bg4+ Kd6 58. Nxd7 Kc6 59. a6 Be3 60. Ke2 d1=Q+ 61. Kxd1 Kb5 62. Be2+ Kc6 63. Ne5+ Kc7 64. Kc2 Bd4 65. Nc4 Bg1 66. Kb3 Kb8 67. Ka4 Ka7 68. Kb5 Bh2 69. Na5 Bg1 70. Nc6+ Ka8 71. Bg4 1-0

[Event "Polish Ekstraliga 2024"]
[Site "Walbrzych"]
[Date "2024.10.07"]
[Round "1.19"]
[White "Janik, Igor"]
[Black "Mendonca, Leon Luke"]
[Result "1/2-1/2"]
[ECO "A18"]
[WhiteElo "2501"]
[BlackElo "2622"]
[Annotator "TA"]
[PlyCount "81"]
[EventDate "2024.10.05"]
[EventType "team-tourn"]
[EventCountry "POL"]
[SourceTitle "playchess.com"]
[Source "ChessBase"]
[SourceQuality "1"]
[WhiteTeam "Gorzow Wlkp"]
[BlackTeam "Bydgoszcz"]
[TimeControl "40/5400+30:1800+30"]

1. c4 Nf6 2. Nc3 e6 3. e4 d5 4. cxd5 exd5 5. e5 Ne4 6. Nf3 Bf5 7. a3 Be7 8. d4 O-O 9. Bd3 c5 10. O-O Nc6 11. dxc5 Bxc5 12. Qc2 Nd4 13. Nxd4 Bxd4 14. Nxe4 dxe4 15. Bxe4 Rc8 16. Qe2 Qd7 17. Bf4 {[%emt 0:06:59] Rad1 is the strong threat.} Bxe4 18. Qxe4 {[%emt 0:00:09] [#] Rad1 would now be deadly.} Bxb2 19. Rab1 Bxa3 20. Rxb7 Rc4 21. Rxd7 (21. Qf3 {seems wilder.} Qf5 22. Qxa3 Qxf4 23. e6) 21... Rxe4 22. Rxa7 Rxf4 (22... Bc5 $11 23. Rc7 Bb6) 23. Rxa3 $11 {[%emt 0:00:10][%mdl 4096] Endgame. KRR-KRR} Re4 24. f4 f6 25. exf6 Rxf6 26. g3 Re2 27. Ra8+ Rf8 28. Rxf8+ Kxf8 $14 {[%emt 0:00:02] KR-KR} 29. Rf2 Re3 30. Kg2 Kf7 31. Ra2 h6 32. Kh3 Rb3 33. Kg4 Rb5 34. Ra7+ Kf6 35. Ra6+ Kf7 36. Rd6 Ra5 37. Kh4 Ra2 38. h3 Ra5 39. g4 Ra4 40. Kg3 Ra3+ 41. Kg2 {[%emt 0:03:09] Weighted Error Value: White=0.04 (flawless) /Black=0.03 (flawless) .  Mistake:       	---       	Black=1      Inaccurate:     	White=2     	---        OK:         	White=18    	Black=19     Best:        	White=2     	Black=3} 1/2-1/2

[Event "Polish Ekstraliga 2024"]
[Site "Walbrzych"]
[Date "2024.10.07"]
[Round "1.20"]
[White "Wojtaszek, Radoslaw"]
[Black "Krasenkow, Michal"]
[Result "1/2-1/2"]
[ECO "A41"]
[WhiteElo "2673"]
[BlackElo "2490"]
[Annotator "RC"]
[PlyCount "96"]
[EventDate "2024.10.05"]
[EventType "team-tourn"]
[EventCountry "POL"]
[SourceTitle "playchess.com"]
[Source "ChessBase"]
[SourceQuality "1"]
[WhiteTeam "Bydgoszcz"]
[BlackTeam "Gorzow Wlkp"]
[TimeControl "40/5400+30:1800+30"]

1. d4 d6 2. Nf3 Bg4 3. c4 Nd7 4. Nc3 e5 5. g3 Ngf6 6. Bg2 c6 7. h3 Bxf3 8. Bxf3 Be7 9. d5 c5 10. h4 O-O 11. g4 Ne8 12. g5 a6 13. a4 Nc7 14. a5 Rb8 15. Qd3 f5 16. gxf6 Nxf6 17. Ne4 b5 18. axb6 Rxb6 19. Nxf6+ Rxf6 20. Be4 h6 21. Qg3 Qd7 22. Bc2 Bd8 23. Rg1 Kf8 24. Ra3 Rb4 25. Qd3 Qf7 26. Rg2 Be7 27. Qe4 Ke8 28. Rag3 Bf8 29. b3 Kd8 30. Qh7 Ne8 31. Bg6 Qe7 32. Bd2 Rb7 33. Qg8 Kc8 34. Kd1 Kb8 35. Kc2 Qd7 36. Bxe8 Qxe8 37. Rxg7 Rxg7 38. Rxg7 Rxf2 39. Rg6 Qd8 40. Re6 Kb7 41. Be3 Rxe2+ 42. Kd3 Rxe3+ 43. Kxe3 Qxh4 44. Qf7+ Kb6 45. Rf6 h5 46. Qxf8 Qe1+ 47. Kf3 Qf1+ 48. Ke3 Qe1+ 1/2-1/2

[Event "Polish Ekstraliga 2024"]
[Site "Walbrzych"]
[Date "2024.10.07"]
[Round "1.21"]
[White "Dzida, Kamil"]
[Black "Teclaf, Pawel"]
[Result "0-1"]
[ECO "A47"]
[WhiteElo "2384"]
[BlackElo "2552"]
[Annotator "TA"]
[PlyCount "86"]
[EventDate "2024.10.05"]
[EventType "team-tourn"]
[EventCountry "POL"]
[SourceTitle "playchess.com"]
[Source "ChessBase"]
[SourceQuality "1"]
[WhiteTeam "Gorzow Wlkp"]
[BlackTeam "Bydgoszcz"]
[TimeControl "40/5400+30:1800+30"]

1. d4 Nf6 2. Nf3 b6 3. c4 Bb7 4. g3 g6 5. Bg2 Bg7 6. Nc3 Ne4 7. Bd2 O-O 8. O-O {[%emt 0:04:03] Die Stellung ist ausgeglichen.} d6 9. Rc1 e6 10. h4 Nd7 11. Nxe4 Bxe4 12. Bc3 Nf6 13. Qb3 a6 14. Rfd1 Qb8 15. d5 e5 16. Be1 Bf5 17. Nd2 Bg4 18. f3 Bd7 19. Bf2 Qe8 20. Qc2 Bh6 21. g4 {[%emt 0:03:05] [#] g5 wäre nun fies.} (21. e3 {vereinfacht} e4 22. Nxe4 Nxe4 23. Qxe4 Qxe4 24. fxe4 Rfe8 25. b3) 21... e4 $1 {[%emt 0:05:01] Und ...e3 würde nun gewinnen.} 22. Nf1 {[%emt 0:07:52] Droht stark g5.} (22. Bg3 Qe7) 22... Bf4 23. Bd4 Qe7 24. Qc3 Ne8 25. e3 Be5 {[%emt 0:02:45] Schwarz bringt die Sache ungefährdet zu Ende.} 26. Bxe5 dxe5 27. Nd2 (27. Qe1 $142) 27... exf3 $17 (27... Qxh4 $6 28. Qxe5 (28. Nxe4 f5 $11) 28... exf3 29. Nxf3 $11) 28. Bxf3 Nd6 (28... Qxh4 29. Qxe5 Bxg4 30. Qf4 $15) 29. Rf1 (29. e4 $17) 29... Qxh4 $19 30. Qxe5 f5 (30... Bxg4 31. Qf4 h5 32. b4 $17) 31. c5 $2 (31. g5 {ist eine bessere Verteidigung.} Qxg5+ 32. Bg2) 31... fxg4 {[%emt 0:02:23][%cal Og4g3] Weiss muss nun ...g3! beachten.} 32. Bg2 bxc5 33. Rxc5 Rxf1+ 34. Nxf1 Re8 35. Qh2 Qd8 36. e4 Nxe4 37. Bxe4 Rxe4 38. Rxc7 $2 {[%emt 0:01:08] [#]} (38. Qxc7 Qf6 39. Rc2 Qd4+ 40. Rf2) 38... g3 $1 39. Qc2 {[%emt 0:00:01] Droht Rxd7 und aus.} (39. Nxg3 Qg5) 39... Re1 40. Qc3 {[%emt 0:00:00] [#] Verhindert Qf8.} Rxf1+ {[%emt 0:00:00][%mdl 512] Schwarz setzt Matt.} 41. Kxf1 Qf8+ 42. Ke2 g2 43. Qe1 {[%emt 0:02:02] [#]} Qf1+ {[%emt 0:00:11] Gewichteter Fehlerwert: Weiß=0.57/Schwarz=0.11 (sehr präzise) .  Fehler:       	Weiß=4     	---        Ungenau:       	Weiß=2     	---        OK:         	Weiß=5     	Schwarz=15    Bester:       	Weiß=1     	Schwarz=1     Brilliant:      	---       	Schwarz=1} 0-1

[Event "Polish Ekstraliga 2024"]
[Site "Walbrzych"]
[Date "2024.10.07"]
[Round "1.22"]
[White "Nasuta, Grzegorz"]
[Black "Koziorowicz, Michal"]
[Result "1/2-1/2"]
[ECO "C16"]
[WhiteElo "2545"]
[BlackElo "2289"]
[Annotator "TA"]
[PlyCount "89"]
[EventDate "2024.10.05"]
[EventType "team-tourn"]
[EventCountry "POL"]
[SourceTitle "playchess.com"]
[Source "ChessBase"]
[SourceQuality "1"]
[WhiteTeam "Bydgoszcz"]
[BlackTeam "Gorzow Wlkp"]
[TimeControl "40/5400+30:1800+30"]

1. e4 e6 2. d4 d5 3. Nc3 Bb4 4. e5 Ne7 5. Bd2 c5 6. a3 Bxc3 7. Bxc3 cxd4 8. Qxd4 O-O {[%emt 0:03:58] Black is weak on the dark squares} 9. Nf3 b6 10. Bd3 {[%emt 0:10:45][%cal Od3h7] And now Bxh7+! would win. White is slightly better.} h6 11. b4 (11. Bb4 {looks sharper.} Ba6 12. Qh4 Re8 13. Bxe7 Rxe7 14. Nd4) 11... Qc7 12. Bb2 Ba6 13. b5 {[%emt 0:08:44] Against Nbc6} Bb7 14. a4 Nd7 15. a5 Nc5 16. a6 Bc8 17. Be2 Bd7 18. O-O Rac8 19. Rac1 Rfd8 20. Qb4 Be8 21. h3 Ne4 22. Bd3 Qc5 23. Qb3 Ng6 24. Bd4 Qe7 25. Rfe1 Nc5 26. Bxc5 Qxc5 27. c3 Nf4 28. Bf1 Rc7 29. Nd4 Rdc8 30. Re3 Qe7 31. g3 Ng6 32. f4 Rc5 33. Qb2 Bd7 34. Qb4 f6 (34... Qd8 $11 {is more appropriate.}) 35. exf6 gxf6 {[%emt 0:00:39] [#]} (35... Qxf6 $14 {is superior.} 36. Rce1 Ne7) 36. Nxe6 $1 {[%emt 0:00:02][%mdl 512] White is much more active.} Bxe6 (36... d4 37. Qxd4) 37. Rce1 (37. f5 $14 Ne5 38. fxe6) 37... Rxc3 38. Qxe7 $16 Nxe7 39. Rxe6 Nf5 (39... Rxg3+ $2 40. Kf2 Nf5 41. Rxf6 $18) 40. Rxf6 Nxg3 (40... Nd4 $16 41. Bg2 (41. Rxh6 $2 {perishes.} Nf3+ 42. Kf2 Nxe1 $19) 41... Rxg3) 41. Bg2 ({Don't take} 41. Rxh6 $6 Nxf1 42. Rxf1 (42. Kxf1 R8c4 $18) 42... Kg7 $14) (41. Re7 $18 Nxf1 42. Kxf1 Rc1+ 43. Kf2) 41... Ne4 42. Rxh6 Rc2 43. Bxe4 dxe4 44. Rxe4 {[%emt 0:00:30] Threatens to win with Ree6.} Rb2 $1 45. Rc6 {[%emt 0:00:30] Weighted Error Value: White=0.12 (very precise) /Black=0.15 (very precise) .  Mistake:       	White=3     	Black=4      Inaccurate:     	White=4     	Black=2      OK:         	White=12    	Black=15     Best:        	White=2     	---        Strong:       	---       	Black=1} 1/2-1/2